 Dungeon Crawl Stone Soup version 0.17-a0-1078-g243345b (webtiles) character file.

644 RobertPalmer the Carver (level 7, -2/62 HPs)
             Began as a Naga Chaos Knight on May 19, 2015.
             Slain by Grinder (5 damage)
             ... on level 4 of the Dungeon.
             The game lasted 00:09:23 (4083 turns).

RobertPalmer the Carver (Naga Chaos Knight)         Turns: 4083, Time: 00:09:24

Health: -2/62      AC:  7    Str: 19    XL:     7   Next: 52%
Magic:  7/7        EV: 14    Int: 15    God:    Xom [...*..]
Gold:   164        SH:  0    Dex: 15    Spells: 1 memorised, 4 levels left

rFire  + . .     SeeInvis +     a - +2 great sword (chaos)
rCold  + . .     Clarity  .     j - +2 leather armour {rC+}
rNeg   . . .     SustAb   .     (no shield)
rPois  +         Gourm    .     l - +0 helmet
rElec  .         Spirit   .     (no cloak)
rCorr  .         Warding  .     (no gloves)
rMut   .         Stasis   .     (no barding)
MR     .....                    (no amulet)
Stlth  ++........               (no ring)
                                (no ring)

@: mighty, agile, very slightly contaminated, repel missiles, very slow, not
resistant to hostile enchantments, unstealthy
A: see invisible, deformed body, fire resistance 1, poison resistance, slowness
2, slow metabolism 1, spit poison 2, AC +2
a: Spit Poison, Renounce Religion


You were on level 4 of the Dungeon.
You worshipped Xom.
You were a favourite toy of Xom.
You were not hungry.

You visited 1 branch of the dungeon, and saw 4 of its levels.
You also visited: Sewer.

You collected 164 gold pieces.

Inventory:

Hand weapons
 a - a +2 great sword of chaos (weapon)
   (Xom gifted it to you on level 2 of the Dungeon)
Armour
 h - a +2 shield of reflection
   (You found it on level 3 of the Dungeon)
 j - a +2 leather armour of cold resistance (worn)
   (You took it off Ijyb on level 2 of the Dungeon)
 l - a +0 helmet (worn)
   (You found it on level 3 of the Dungeon)
Jewellery
 n - an uncursed ring of ice {rC+, rF-}
   (You found it on level 3 of the Dungeon)
Scrolls
 k - a scroll of magic mapping {!r}
 u - a scroll of remove curse
Potions
 e - a potion of mutation {unknown}
 g - a potion of berserk rage {unknown}
 m - a potion of resistance
 r - a potion of brilliance {unknown}
Books
 q - a book of Minor Magic
   (You found it on level 3 of the Dungeon)
Comestibles
 c - 5 bread rations {@e1}
 f - 2 beef jerkies
 i - 2 slices of pizza
 o - 2 meat rations {@e2}


   Skills:
 - Level 3.0 Fighting
 + Level 8.5 Long Blades
 - Level 1.5 Armour
 - Level 0.7 Dodging


You had 4 spell levels left.
You knew the following spells:

 Your Spells              Type           Power        Failure   Level  Hunger
d - Repel Missiles        Chrm/Air       #.....       50%         2    ###....


Dungeon Overview and Level Annotations

Branches:
Dungeon (4/15)
 Temple: D:4-7

Altars:
Dithmenos
Fedhas
Gozag
Makhleb
Xom

Shops:
D:4 (

Annotations:
D:4 Grinder


Innate Abilities, Weirdness & Mutations

You cannot wear boots.
Your serpentine skin is tough (AC +2).
You have supernaturally acute eyesight.
Armour fits poorly on your strangely shaped body.
Your system is resistant to poisons.
You cover ground very slowly.
You have a slow metabolism.
You can spit poison.
Your flesh is heat resistant.


Message History

No target in view!
Found a stone staircase leading down.
Things that are here:
a club; a giant newt corpse; a hobgoblin corpse Health restored: 62 You now have 164 gold pieces (gained 11).
There is an entrance to Zocrid's Weapon Shop here.
Unknown command.
Found an opulent altar of Gozag.
Found a blossoming altar of Fedhas.
o - 2 meat rations {@e2} (gained 1)
You see here 7 stones.
A ball python and Grinder come into view.
Grinder shouts!
You hear a shout!
You hear a bark!
Grinder moves out of view.
A hound, a worm and a kobold come into view.
Unknown command.
Read which item? (? for menu, Esc to quit)
Okay, then.
Drink which item? (? for menu, Esc to quit)
You feel very mighty all of a sudden.
You slash the kobold!
You kill the kobold!
You barely miss the ball python. The ball python barely misses you.
The ball python bites you but does no damage.
You closely miss the ball python.
The ball python bites you but does no damage.
You closely miss the ball python.
The ball python bites you but does no damage.
The ball python barely misses you.
You slice the ball python!!
You kill the ball python!
You hit the hound.
The hound goes berserk!
The hound closely misses you. The hound bites you. The hound bites you.
You take 4 damage, and have 58/62 hp.
You closely miss the hound. The hound closely misses you.
The hound barely misses you. The hound bites you.
You take 1 damage, and have 57/62 hp.
You closely miss the hound. The hound barely misses you.
The hound closely misses you. The hound bites you but does no damage.
You miss the hound. The hound bites you. The hound barely misses you.
You take 1 damage, and have 56/62 hp.
You closely miss the hound. The hound bites you.
The hound completely misses you. The hound bites you but does no damage.
You take 2 damage, and have 54/62 hp.
You slice the hound!! The hound bites you.
The hound bites you but does no damage. The hound bites you.
You take 3 damage, and have 51/62 hp.
You slice the hound!!
You kill the hound!
You slash the worm!
The worm is poisoned.
The worm bites you!
You take 9 damage, and have 42/62 hp.
You slash the worm!
You kill the worm!
Grinder gestures at you. Pain shoots through your body!
You take 9 damage, and have 33/62 hp.
Unknown command.
Drink which item? (? for menu, Esc to quit)
You feel better. Grinder gestures at you. Pain shoots through your body!
You regained 5 hp, and now have 38/62 hp.
Unknown command.
Drink which item? (? for menu, Esc to quit)
It was a potion of agility.
You feel agile all of a sudden.
You barely miss Grinder. Grinder hits you but does no damage.
You closely miss Grinder.
Grinder gestures.
Grinder blinks!
Grinder hits you!
You writhe in agony.
Items here: ) ††† a dagger of venom; a worm corpse; a ball python corpse; a kobold corpse You take 12 damage, and have 26/62 hp.
Unknown command.
You slash Grinder!
Grinder convulses!
Grinder hits you but does no damage.
You slash Grinder! Grinder hits you.
You writhe in agony.
Grinder gestures.
Grinder blinks!
You take 5 damage, and have 21/62 hp.
You aren't carrying any items that can be evoked.
Drink which item? (? for menu, Esc to quit)
You can't drink that!
Read which item? (? for menu, Esc to quit)
Really read
b - a scroll of blinking {!r}?
Blink to where?
You are very lightly contaminated with residual magic.
As you read the scroll of blinking {!r}, it crumbles to dust.
Grinder gestures at you. Pain shoots through your body!
* * * LOW HITPOINT WARNING * * *
You take 11 damage, and have 10/62 hp.
You barely miss Grinder. Grinder barely misses you.
Unknown command.
You barely miss Grinder. Grinder hits you!
* * * LOW HITPOINT WARNING * * *
You writhe in agony.
You die...

# # #.......# ## # #....... #. #
....... .. #. # ......... ....##
#. # .# .......##..#.####. #
##########.#.#...#.###.........
###.......#..#.#.#...............
...............5@......?.........
#.....)..........#...####.....##.
##)..........#.###..?§........##.
...............###.######...####.
.##.#####...........#####....# ##
.##.###......###..#.#<.....#.##
.............###..........##..##
..............##..#.#.#######..##
...♣.♣♣P..............########.##


You could see Grinder.

Vanquished Creatures
  2 giant frogs (Sewer)
  A killer bee (D:2)
  A crimson imp (Sewer)
  2 orc priests (D:4)
  A hound (D:4)
  Ijyb (D:2)
  2 orc wizards
  Terence (D:2)
  A worker ant (D:4)
  8 adders
  2 gnolls (D:2)
  4 river rats (D:3)
  A white imp (Sewer)
  An ufetubus (Sewer)
  2 worms
  3 giant geckos
  8 orcs
  6 ball pythons
  7 giant cockroaches
  9 goblins
  9 hobgoblins
  5 jackals
  9 bats
  A giant gecko skeleton (D:4)
  8 giant newts
  10 kobolds
  A quokka (D:4)
  6 rats
  2 plants (D:3)
114 creatures vanquished.

Vanquished Creatures (collateral kills)
  2 gnolls (D:2)
  A rat (D:2)
3 creatures vanquished.

Vanquished Creatures (others)
  2 plants (D:3)
2 creatures vanquished.

Grand Total: 119 creatures vanquished

Notes
Turn   | Place    | Note
--------------------------------------------------------------
     0 | D:1      | RobertPalmer the Naga Chaos Knight began the quest for the Orb.
     0 | D:1      | Reached XP level 1. HP: 21/21 MP: 1/1
    92 | D:1      | XOM: harmless Tloc miscast
   139 | D:1      | Reached XP level 2. HP: 24/28 MP: 2/2
   434 | D:1      | Reached skill level 4 in Long Blades
   570 | D:2      | Noticed Sigmund
   572 | D:2      | Noticed Sigmund
   572 | D:2      | Sigmund changed into Sigmund the killer bee
   572 | D:2      | XOM: polymorph Sigmund -> Sigmund the killer bee
   591 | D:2      | HP: 9/42 [Sigmund the killer bee (3)]
   601 | D:2      | Killed Sigmund the killer bee
   601 | D:2      | Reached XP level 3. HP: 20/34 MP: 3/3
   601 | D:2      | Reached XP level 4. HP: 24/42 MP: 4/4
   794 | D:2      | Noticed Terence
   807 | D:2      | XOM: enchant monster (good)
   820 | D:2      | Killed Terence
   820 | D:2      | Reached skill level 5 in Long Blades
  1092 | D:2      | XOM: 5-stop teleportation journey
  1122 | D:2      | Reached XP level 5. HP: 32/49 MP: 5/5
  1142 | D:2      | Found a shimmering altar of Xom.
  1142 | D:2      | XOM: give mutation
  1142 | D:2      | Gained mutation: Your flesh is heat resistant. [Xom's grace]
  1535 | D:2      | Noticed Ijyb
  1552 | D:2      | Killed Ijyb
  1746 | D:2      | Reached skill level 6 in Long Blades
  1823 | D:2      | XOM: god gift: runed great sword {god gift}
  1899 | D:2      | Noticed an ice beast
  2279 | D:3      | Found a glowing drain.
  2293 | Sewer    | Entered a sewer
  2304 | Sewer    | Reached XP level 6. HP: 44/56 MP: 6/6
  2405 | Sewer    | XOM: 1-stop teleportation journey
  2433 | Sewer    | Reached skill level 7 in Long Blades
  2680 | Sewer    | XOM: summons 3 hostile demons
  2738 | Sewer    | XOM: noise
  3003 | D:3      | Found a burning altar of Makhleb.
  3129 | D:3      | XOM: medium Pois miscast
  3150 | D:3      | Reached XP level 7. HP: 62/62 MP: 7/7
  3326 | D:3      | XOM: harmless Ice miscast
  3433 | D:3      | XOM: noise
  3676 | D:4      | Reached skill level 8 in Long Blades
  3787 | D:4      | XOM: colour smoke trail
  3867 | D:4      | Found a shadowy altar of Dithmenos.
  3880 | D:4      | Learned a level 2 spell: Repel Missiles
  3961 | D:4      | Found Zocrid's Weapon Shop.
  3981 | D:4      | Found an opulent altar of Gozag.
  3983 | D:4      | Found a blossoming altar of Fedhas.
  4056 | D:4      | Noticed Grinder
  4081 | D:4      | HP: 10/62 [Grinder/nerve-wracking pain (11)]
  4083 | D:4      | HP: 3/62 [Grinder (8)]
  4083 | D:4      | Slain by Grinder

Vault maps used:
D:1:      lightli_arrival_statue_moat
D:2:      xom_teletrap_fun, first_bread, uniq_terence, uniq_sigmund, uniq_iyjb
D:3:      wad_woods_stonehenge, portal_sewer_entry_d
D:4:      serial_park_square1, grunt_dithmenos_smoke,
          nicolae_overflow_hidden_temple, serial_shops, shop,
          kennysheep_generic_room_14, uniq_grinder
Sewer:    sewer_frog_island_01

Action                   |  1- 3 |  4- 6 |  7- 9 || total
-------------------------+-------+-------+-------++-------
Melee: Falchion          |    68 |    91 |       ||   159
       Great sword       |       |   131 |    88 ||   219
       Long sword        |       |    18 |       ||    18
 Cast: Repel Missiles    |       |       |     1 ||     1
 Abil: Spit Poison       |     1 |     3 |     2 ||     6
  Use: Potion            |     6 |     2 |     3 ||    11
       Scroll            |       |     5 |     5 ||    10
 Stab: Paralysed         |     1 |     1 |       ||     2
       Invisible         |     1 |       |       ||     1
  Eat: Chunk             |       |     7 |     3 ||    10

Vault maps used:
D:1:      lightli_arrival_statue_moat
D:2:      xom_teletrap_fun, first_bread, uniq_terence, uniq_sigmund, uniq_iyjb
D:3:      wad_woods_stonehenge, portal_sewer_entry_d
D:4:      serial_park_square1, grunt_dithmenos_smoke,
          nicolae_overflow_hidden_temple, serial_shops, shop,
          kennysheep_generic_room_14, uniq_grinder
Sewer:    sewer_frog_island_01

Table legend:
 A = Turns spent in this place as a percentage of turns spent in the entire game.
 B = Non-inter-level travel turns spent in this place as a percentage of non-inter-level travel turns spent in the entire game.
 C = Inter-level travel turns spent in this place as a percentage of turns spent in this place.
 D = Turns resting spent in this place as a percentage of non-inter-level travel turns spent in this place.
 E = Turns spent auto-exploring this place as a percentage of non-inter-level travel turns spent in this place.
 F = Non-inter-level travel turns spent in this place divided by the number of levels of this place that you've seen.
                   A       B       C       D       E      F
               +-------+-------+-------+-------+-------+----------------------
         Total | 100.0 | 100.0 |   0.5 |   1.9 |   7.9 | 307.8
       Dungeon |  85.4 |  85.3 |   0.6 |   2.1 |   8.7 | 328.2
         Sewer |  14.6 |  14.7 |   0.0 |   0.9 |   3.5 | 226.0
               +-------+-------+-------+-------+-------+----------------------

Table legend:
 A = Kills in this place as a percentage of kills in entire the game.
 B = Kills by you in this place as a percentage of kills by you in the entire game.
 C = Kills by friends in this place as a percentage of kills by friends in the entire game.
 D = Other kills in this place as a percentage of other kills in the entire game.
 E = Experience gained in this place as a percentage of experience gained in the entire game.
 F = Experience gained in this place divided by the number of levels of this place that you have seen.
                   A       B       C       D       E      F
               +-------+-------+-------+-------+-------+----------------------
         Total | 100.0 | 100.0 | 100.0 |  -nan | 100.0 | 184.0
       Dungeon |  86.6 |  86.2 | 100.0 |  -nan |  74.6 | 171.5
         Sewer |  13.4 |  13.8 |   0.0 |  -nan |  25.4 | 234.0
               +-------+-------+-------+-------+-------+----------------------
